 Dungeon Crawl Stone Soup version 0.28-a0-413-gde365fb1df (webtiles) character file.

Game seed: 13986530533159236233

20414 porpoise the Thaumaturge (level 12, -5/68 HPs)
             Began as a Deep Elf Conjurer on Sept 8, 2021.
             Was an Elder of Vehumet.
             Slain by a skeletal warrior (18 damage)
             ... led by a skeletal warrior
             ... on level 12 of the Dungeon.
             The game lasted 01:25:13 (19386 turns).

porpoise the Thaumaturge (Deep Elf Conjurer)       Turns: 19386, Time: 01:25:14

Health: -5/68      AC:  8    Str:  5    XL:     12   Next: 45%
Magic:  14/39      EV: 19    Int: 28    God:    Vehumet [****..]
Gold:   934        SH:  0    Dex: 13    Spells: 11/35 levels left

rFire   + . .      SeeInvis .   b - +0 hunting sling
rCold   . . .      Faith    .   (no shield)
rNeg    + . .      Spirit   .   E - +1 robe {rN+}
rPois   +          Reflect  .   S - +2 helmet of Qazlal's Condemnation {rF+ MP+9}
rElec   .          Harm     .   I - +0 cloak
rCorr   .          Rampage  .   K - +0 pair of gloves
Will    +....                   (no boots)
Stlth   ++........              L - amulet of regeneration
HPRegen 1.21/turn               t - ring of poison resistance
MPRegen 0.26/turn               R - +4 ring of evasion

@: no status effects
A: no striking features
a: Renounce Religion


You were on level 12 of the Dungeon.
You worshipped Vehumet.
Vehumet was greatly pleased with you.
You visited 3 branches of the dungeon, and saw 14 of its levels.
You also visited: Sewer and Ossuary.

You collected 934 gold pieces.

Inventory:

Hand Weapons
 b - a +0 hunting sling (weapon)
Missiles
 c - 321 stones
 f - 104 sling bullets (quivered ammo)
 j - 8 atropa-tipped darts
 l - 4 boomerangs
 x - 8 curare-tipped darts
 D - a throwing net
Armour
 E - a +1 robe of positive energy (worn)
 I - a +0 cloak (worn)
 K - a +0 pair of gloves (worn)
 S - the +2 helmet of Qazlal's Condemnation (worn) {rF+ MP+9}
   (You acquired it on level 1 of the Lair of Beasts)

   rF:        It protects you from fire.
   MP:        It affects your magic capacity (+9).
Magical Staves
 a - a staff of conjuration
Jewellery
 o - a ring of protection from cold
 t - a ring of poison resistance (left hand)
 L - an amulet of regeneration (around neck)
 M - a ring of see invisible
 R - a +4 ring of evasion (right hand)
Wands
 B - a wand of digging (4)
Scrolls
 d - a scroll of summoning
 h - a scroll of enchant weapon {unknown}
 k - 2 scrolls of vulnerability
 p - a scroll of immolation {unknown}
 A - a scroll of silence {unknown}
 F - 2 scrolls of fog
 H - a scroll of teleportation
 P - a scroll of blinking
 Q - a scroll of magic mapping
Potions
 e - a potion of lignification
 g - a potion of ambrosia
 i - 5 potions of curing
 q - 2 potions of haste
 J - 4 potions of attraction
 T - a potion of heal wounds {unknown}
 Z - a potion of resistance
Miscellaneous
 W - a lightning rod (4/4)


   Skills:
 - Level 5.0 Fighting
 - Level 7.0 Dodging
 - Level 2.4 Stealth
 - Level 12.0 Spellcasting
 - Level 9.0 Conjurations
 - Level 12.0 Hexes
 + Level 4.8 Summonings
 - Level 7.0 Translocations
 - Level 5.0 Transmutations
 - Level 7.0 Fire Magic
 - Level 1.2 Earth Magic
 - Level 5.0 Poison Magic
 + Level 1.4 Evocations


You had 11 spell levels left.
You knew the following spells:

 Your Spells              Type           Power      Damage    Failure   Level
a - Magic Dart            Conj           100%       1d8       1%          1
b - Searing Ray           Conj           100%       2d8       1%          2
c - Fulminant Prism       Conj/Hex       33%        3d16      1%          4
d - Iskenderun's Mystic   Conj/Tloc      57%        2d12      1%          4
f - Flame Wave            Conj/Fire      57%        3d10      1%          4
i - Ignite Poison         Fire/Tmut/Pois 48%        N/A       1%          3
t - Apportation           Tloc           100%       N/A       1%          1
v - Summon Mana Viper     Hex/Summ       59%        N/A       3%          5

Your spell library contained the following spells:

 Spells                   Type           Power      Damage    Failure   Level
 Fireball                 Conj/Fire      28%        3d12      1%          5
 Foxfire                  Conj/Fire      100%       2x1d9     1%          1
 Summon Small Mammal      Summ           100%       N/A       1%          1
 Call Canine Familiar     Summ           43%        N/A       1%          3
 Conjure Flame            Conj/Fire      57%        6-21      1%          3
 Dazzling Flash           Conj/Hex       100%       N/A       1%          3
 Inner Flame              Hex/Fire       63%        N/A       1%          3
 Portal Projectile        Hex/Tloc       100%       N/A       1%          3
 Leda's Liquefaction      Hex/Erth       26%        N/A       2%          4
 Animate Skeleton         Necr           32%        N/A       3%          1
 Pain                     Necr           64%        1d7       3%          1
 Vampiric Draining        Necr           8%         2d7       10%         3
 Summon Ice Beast         Ice/Summ       30%        N/A       12%         4
 Blade Hands              Tmut           22%        N/A       12%         5
 Agony                    Necr           16%        N/A       65%         5
 Excruciating Wounds      Necr           8%         N/A       65%         5
 Monstrous Menagerie      Summ           21%        N/A       98%         7


Dungeon Overview and Level Annotations

Branches:
Dungeon (12/15)            Temple (1/1) D:6            Lair (1/6) D:10
    Orc (0/2) D:10          Sewer (visited)         Ossuary (visited)

Altars:
Cheibriados
Ru
Vehumet
The Shining One

Annotations:
D:3 glowing buckler behind flame vault
D:9 2 transporters, zdrol's ghost, novice MiFi
Lair:1 1 exclusion


Message History

The blast of energy engulfs the skeletal warrior!
The skeletal warrior is lightly damaged.
The blast of energy engulfs the skeletal warrior!!
The skeletal warrior is almost destroyed.
The skeletal warrior barely misses you.
Casting: Searing Ray (safe; 1% risk of failure)
Confirm with . or Enter, or press ? or * to list all spells.
Casting: Flame Wave (safe; 1% risk of failure)
Press: ? - help, Dir - look around, f - activate A wave of flame ripples out! (Press . to intensify the flame waves.)
The skeletal warrior completely misses you.
The skeletal warrior hits you from afar with a +0 halberd!!
Unknown command.
A wave of flame ripples out!
The flame wave engulfs the skeletal warrior!
The skeletal warrior is lightly damaged.
The flame wave engulfs the gargoyle!!
The gargoyle is severely damaged.
The flame wave engulfs the skeletal warrior!!
You destroy the skeletal warrior!
Vehumet accepts your kill.
The flame wave engulfs the skeletal warrior!
The skeletal warrior is almost destroyed.
The skeletal warrior barely misses you.
The skeletal warrior hits you from afar with a +0 halberd!
* * * LOW HITPOINT WARNING * * *
Your Evocations skill increases to level 1!
A wave of flame ripples out!
The flame wave engulfs the gargoyle.
The gargoyle is almost destroyed.
The flame wave engulfs the skeletal warrior!
The skeletal warrior is moderately damaged.
The flame wave engulfs the skeletal warrior!
You destroy the skeletal warrior!
Vehumet accepts your kill.
You feel your power returning.
The flame wave engulfs the skeletal warrior!!
The skeletal warrior is moderately damaged.
The skeletal warrior hits you with a +0 short sword!!
You die...

#.. ..##.....# ### ...
.........##... ...
............. ... ...........
####'# #........
#.....##.....##.. ##########
...........9.##...##.........
.....((..z)z@#...............
..........)..#...............
...(.........#...............
.............#########'######
..................####(##..##
#################...#.)......
#...#>....... #...').......
#.####..##.##


You could see 2 skeletal warriors and a gargoyle.

Vanquished Creatures
  A hydra (D:12)
  A centaur warrior (D:12)
  A two-headed ogre (D:11)
  3 skeletal warriors (D:12)
  An ugly thing (D:12)
  A cyclops (D:12)
  4 cane toads
  3 unseen horrors
  2 kobold demonologists
  A komodo dragon (Lair:1)
  A troll (D:10)
  A hornet (D:9)
  2 water elementals (D:11)
  2 meliai zombies (D:11)
  2 wyverns
  18 yaks
  A shadow (D:10)
  A wraith (D:12)
  5 vampire mosquitoes
  Menkaure (D:7)
  An acid dragon (D:11)
  8 water moccasins
  A swamp drake (D:10)
  7 orc warriors
  4 sky beasts
  2 necrophages
  4 black bears
  4 ogres (D:4)
  6 wolves (Lair:1)
  9 centaurs
  2 phantoms
  17 kobold brigands
  7 bullfrogs
  A gnoll sergeant (D:9)
  5 scorpions
  2 wyvern zombies (D:7)
  A water moccasin zombie (D:5)
  6 killer bees (D:8)
  3 wights (D:7)
  7 electric eels (D:11)
  A howler monkey (D:9)
  A bullfrog zombie (D:7)
  5 centaur zombies
  5 orc priests
  4 hounds
  A jelly (D:6)
  2 gnoll shamans (D:6)
  A bullfrog skeleton (D:6)
  15 orc wizards
  5 iguanas
  A hound zombie (Ossuary)
  A mummy (D:6)
  2 howler monkey zombies (D:9)
  5 adders
  A howler monkey skeleton (D:7)
  10 gnolls
  A river rat (D:6)
  A shadow imp (D:6)
  2 white imps
  A worm (D:4)
  5 dart slugs
  39 orcs
  9 endoplasms
  2 giant cockroaches
  8 goblins
  3 hobgoblins
  3 jackals (D:5)
  6 quokkas
  4 ball pythons
  12 bats
  5 frilled lizards
  A gnoll zombie (Ossuary)
  3 goblin zombies (Ossuary)
  13 kobolds
  A kobold zombie (Ossuary)
  An orc zombie (Ossuary)
  5 rats
  A rat zombie (Ossuary)
335 creatures vanquished.

Vanquished Creatures (others)
  32 fulminant prisms
  43 fungi
  49 plants
  A withered plant (D:7)
125 creatures vanquished.

Grand Total: 460 creatures vanquished

Notes
Turn   | Place    | Note
-------+----------+-------------------------------------------
     0 | D:1      | porpoise the Deep Elf Conjurer began the quest for the Orb.
     0 | D:1      | Reached XP level 1. HP: 10/10 MP: 6/6
     6 | D:1      | Noticed a wyvern
     6 | D:1      | Noticed a black mamba
     6 | D:1      | Noticed an iguana
     7 | D:1      | Noticed a black bear
     7 | D:1      | Noticed a lindwurm
   439 | D:1      | Reached XP level 2. HP: 16/16 MP: 5/8
   467 | D:1      | Learned a level 2 spell: Searing Ray
   913 | D:1      | Reached skill level 1 in Fighting
  1375 | D:2      | Reached XP level 3. HP: 20/20 MP: 3/10
  1626 | D:2      | Found a faded altar of an unknown god.
  2789 | D:3      | Reached skill level 5 in Conjurations
  2871 | D:3      | Reached XP level 4. HP: 22/26 MP: 3/12
  3109 | D:3      | Reached XP level 5. HP: 30/30 MP: 9/14
  3724 | D:4      | Reached skill level 5 in Spellcasting
  3774 | D:4      | Learned a level 4 spell: Fulminant Prism
  3779 | D:4      | Learned a level 4 spell: Iskenderun's Mystic Blast
  3839 | D:4      | Noticed an ogre
  3845 | D:4      | Killed an ogre
  3846 | D:4      | Reached skill level 1 in Earth Magic
  3846 | D:4      | Reached XP level 6. HP: 35/35 MP: 6/17
  4266 | D:4      | Reached skill level 1 in Hexes
  4267 | D:4      | Reached skill level 1 in Translocations
  4830 | D:4      | Reached XP level 7. HP: 40/40 MP: 13/18
  5392 | D:5      | Entered Level 5 of the Dungeon
  5398 | D:5      | Reached skill level 5 in Hexes
  5700 | D:5      | Reached skill level 5 in Translocations
  5876 | D:5      | Reached XP level 8. HP: 45/45 MP: 14/19
  6578 | D:6      | Found a glowing drain.
  6590 | Sewer    | Entered a sewer
  6788 | D:6      | Identified the +2 pair of boots of Shrieking Beauty {rF+
                  | Regen+ Int-5}
  7104 | D:6      | Found a staircase to the Ecumenical Temple.
  7142 | Temple   | Entered the Ecumenical Temple
  7149 | Temple   | Became a worshipper of Vehumet
  7277 | D:6      | Found a sand-covered staircase.
  7283 | Ossuary  | Entered an ossuary
  7929 | D:6      | Reached XP level 9. HP: 50/50 MP: 19/24
  8347 | D:6      | Learned a level 4 spell: Flame Wave
  8475 | D:7      | Noticed Menkaure
  8667 | D:7      | Reached skill level 5 in Dodging
  8793 | D:7      | Found the ring of Shadows {Umbra +Inv Stlth+}
  8833 | D:7      | Reached * piety under Vehumet
  8833 | D:7      | Offered knowledge of Freeze by Vehumet.
  8921 | D:7      | Killed Menkaure
  9637 | D:7      | Reached skill level 5 in Fire Magic
  9783 | D:7      | Found a snail-covered altar of Cheibriados.
 10283 | D:8      | Reached XP level 10. HP: 55/56 MP: 9/25
 11351 | D:9      | Found a transporter.
 11351 | D:9      | Noticed a boulder beetle
 11368 | D:9      | Found a transporter.
 11368 | D:9      | Noticed zdrol's ghost (novice MiFi)
 11372 | D:9      | Noticed a death knight
 12472 | D:10     | Entered Level 10 of the Dungeon
 12515 | D:10     | Offered knowledge of Shock by Vehumet.
 12521 | D:10     | Reached ** piety under Vehumet
 12705 | D:10     | Reached skill level 5 in Fighting
 12900 | D:10     | Reached skill level 10 in Spellcasting
 13000 | D:10     | Found a staircase to the Lair.
 13465 | D:10     | Found a staircase to the Orcish Mines.
 13499 | D:10     | Offered knowledge of Static Discharge by Vehumet.
 13513 | D:10     | Reached XP level 11. HP: 63/63 MP: 14/27
 13874 | D:10     | Reached *** piety under Vehumet
 14697 | D:10     | Learned a level 1 spell: Apportation
 14713 | Lair:1   | Entered Level 1 of the Lair of Beasts
 15304 | Lair:1   | Noticed an ice dragon
 15440 | Lair:1   | Offered knowledge of Ignite Poison by Vehumet.
 15446 | Lair:1   | Learned a level 3 spell: Ignite Poison
 15510 | Lair:1   | Reached skill level 1 in Poison Magic
 15513 | Lair:1   | Reached skill level 10 in Hexes
 16256 | Lair:1   | Identified 2 scrolls of acquirement
 16256 | Lair:1   | Acquired a staff of conjuration
 16258 | Lair:1   | Acquired the +2 helmet of Qazlal's Condemnation {rF+ MP+9}
 17202 | D:10     | Learned a level 5 spell: Summon Mana Viper
 17912 | D:11     | Noticed a two-headed ogre
 17918 | D:11     | Killed a two-headed ogre
 17918 | D:11     | Reached **** piety under Vehumet
 17919 | D:11     | Reached skill level 5 in Poison Magic
 17919 | D:11     | Reached XP level 12. HP: 68/68 MP: 23/30
 18010 | D:11     | Reached skill level 1 in Transmutations
 19083 | D:12     | Reached skill level 1 in Summonings
 19091 | D:12     | Offered knowledge of Fireball by Vehumet.
 19095 | D:12     | Noticed a seven-headed hydra
 19097 | D:12     | Noticed a centaur warrior
 19101 | D:12     | Killed a seven-headed hydra
 19102 | D:12     | Killed a centaur warrior
 19375 | D:12     | Reached skill level 5 in Transmutations
 19386 | D:12     | Reached skill level 1 in Evocations
 19386 | D:12     | Slain by a skeletal warrior

Illustrated notes

Levels and vault maps discovered:
D:1:      onia_arrival_zoo_common, layout_loops_cross, minmay_pentomino_q2
D:2:      layout_loops_ring, shapermc_ecumenical_altar_mp_urbaneastern,
          minmay_cut_off
D:3:      layout_basic, amcnicky_mini_corridor_feature, lemuel_flame_loot_1
D:4:      layout_loops_corners, minmay_circle_x
D:5:      layout_cave_pools
D:6:      layout_gridville, minmay_temple_entry_mist,
          cheibrodos_sewer_entry_sluice, nicolae_ossuary_entry_plus,
          mrwooster_statue_mirror, minmay_misc_feat_alley
D:7:      layout_gridville, amcnicky_altar_gilded, serial_undead,
          serial_undead_f, serial_undead_e, serial_undead_a, serial_undead_c,
          minmay_starry_boxes, uniq_menkaure
D:8:      layout_gridville
D:9:      minmay_angry_zag, layout_basic, gammafunk_ghost_arena
D:10:     layout_rooms, due_lair_maze_entry_diamond, erik_orc_1, special_room
          [special_room_kobold]
D:11:     layout_basic
D:12:     minmay_the_grid_square_5x5_3x3 [minmay_the_grid_square_5x5_eight,
          minmay_the_grid_square_5x5_two,
          minmay_the_grid_square_5x5_three_small,
          minmay_the_grid_square_5x5_meh,
          minmay_the_grid_square_5x5_megaprize_open,
          minmay_the_grid_square_5x5_minimal,
          minmay_the_grid_square_5x5_half_checkered,
          minmay_the_grid_square_5x5_dogpile,
          minmay_the_grid_square_5x5_inverted_slash], layout_gridville,
          uniq_jorgrun
Temple:   minmay_crystal_snake_temple
Lair:1:   dragon1_lemuel, layout_cellular_growth, grunt_megastairs_3

Skill      XL: |  1  2  3  4  5  6  7  8  9 10 11 12 |
---------------+-------------------------------------+-----
Fighting       | 1 2 3 5 |  5.0
Spellcasting   | 4 6 9 10 12 | 12.0
Conjurations   | 5 6 7 9 |  9.0
Earth Magic    | 1 |  1.2
Hexes          | 3 5 6 7 9 11 12 | 12.0
Translocations | 2 5 6 7 |  7.0
Dodging        | 3 7 |  7.0
Fire Magic     | 6 7 |  7.0
Poison Magic   | 5 |  5.0
Transmutations | 5 |  5.0
Summonings     | 4 |  4.8
Evocations     | 1 |  1.4
Stealth        | |  2.4

Action                   |  1- 3 |  4- 6 |  7- 9 | 10-12 || total
-------------------------+-------+-------+-------+-------++-------
Melee: Short sword       |       |       |     8 |     7 ||    15
       Staff             |       |       |       |     4 ||     4
 Fire: Hunting sling     |     1 |    20 |    75 |   112 ||   208
 Cast: Magic Dart        |    51 |    14 |    11 |       ||    76
       Searing Ray       |    14 |    23 |    79 |   116 ||   232
       Fulminant Prism   |       |       |    11 |    21 ||    32
       Iskenderun's Myst |       |       |     7 |    39 ||    46
       Flame Wave        |       |       |     2 |    19 ||    21
Evoke: Wand              |       |       |       |     1 ||     1
  Use: Potion            |     1 |       |     2 |       ||     3
       Scroll            |       |     4 |     8 |     3 ||    15
 Stab: Sleeping          |       |       |       |     1 ||     1
Armor: Robe              |     1 |     2 |    25 |    40 ||    68
       Skin              |       |       |     2 |       ||     2
Dodge: Dodged            |     1 |     8 |    71 |   196 ||   276

Table legend: (Time is in decaauts)
 A = Elapsed time spent in this place.
 B = Non-inter-level travel time spent in this place.
 C = Inter-level travel time spent in this place.
 D = Time resting spent in this place.
 E = Time spent auto-exploring this place.
 F = Levels seen in this place.
 G = Mean time per level.
                   A        B        C        D        E       F      G
               +--------+--------+--------+--------+--------+-----+--------+
         Total |  19441 |  18755 |    686 |   8279 |   7336 |  16 | 1215.1 |
       Dungeon |  16980 |  16522 |    458 |   7447 |   6510 |  12 | 1415.0 |
        Temple |     16 |     16 |      0 |      0 |      0 |   1 |   16.0 |
          Lair |   2247 |   2020 |    227 |    751 |    826 |   1 | 2247.0 |
         Sewer |    178 |    178 |      0 |     81 |      0 |   1 |  178.0 |
       Ossuary |     18 |     18 |      0 |      0 |      0 |   1 |   18.0 |
               +--------+--------+--------+--------+--------+-----+--------+

Top non-repeatable levels by time:
    D:10: 2275 daAuts
  Lair:1: 2247 daAuts
     D:6: 2040 daAuts
     D:4: 1948 daAuts
    D:11: 1854 daAuts
     D:9: 1676 daAuts
     D:7: 1408 daAuts
     D:3: 1396 daAuts
     D:1: 1217 daAuts
     D:2: 1104 daAuts
     D:5: 916 daAuts
     D:8: 822 daAuts
    D:12: 319 daAuts
   Sewer: 178 daAuts
 Ossuary: 18 daAuts
